 Dungeon Crawl Stone Soup version 0.23.2 (webtiles) character file.

Game seed: 16202928707130213888

1540 Fang the Skirmisher (level 8, -1/52 HPs)
             Began as a Gargoyle Berserker on Apr 9, 2019.
             Was a Believer of Trog.
             Slain by a white ugly thing (21 damage)
             ... on level 6 of the Dungeon.
             The game lasted 00:04:56 (4600 turns).

Fang the Skirmisher (Gargoyle Berserker)            Turns: 4600, Time: 00:04:56

Health: -1/52      AC:  9    Str: 23    XL:     8   Next: 86%
Magic:  8/8        EV: 13    Int: 10    God:    Trog [**....]
Gold:   179        SH:  0    Dex:  9    Spells: 7/7 levels left

rFire    + . .     SeeInvis .   e - +2 war axe (freeze)
rCold    . . .     Gourm    .   (no shield)
rNeg     + . .     Faith    .   b - +1 animal skin
rPois    ∞         Spirit   .   (no helmet)
rElec    +         Reflect  .   (no cloak)
rCorr    .         Harm     .   (no gloves)
MR       .....                  (no boots)
Stlth    +.........             n - amulet of regeneration
HPRegen  0.57/turn              h - +2 ring of intelligence
MPRegen  0.11/turn              s - ring of protection from fire

@: no status effects
A: negative energy resistance 1, electricity resistance, unbreathing,
petrification resistance, rot immunity, AC +5
a: Berserk, Trog's Hand, Renounce Religion


You were on level 6 of the Dungeon.
You worshipped Trog.
Trog was pleased with you.
You were hungry.

You visited 2 branches of the dungeon, and saw 7 of its levels.

You collected 179 gold pieces.

Inventory:

Hand Weapons
 a - a +3 war axe
 e - a +2 war axe of freezing (weapon)
Armour
 b - a +1 animal skin (worn)
Jewellery
 d - an uncursed ring of flight
 h - a +2 ring of intelligence (left hand)
 n - an amulet of regeneration (around neck)
 s - a ring of protection from fire (right hand)
Wands
 o - a wand of iceblast (10)
Scrolls
 f - 6 scrolls of identify
 i - a scroll of fog
 j - 3 scrolls of enchant armour
 k - 2 scrolls of blinking
 m - 6 scrolls of teleportation
Potions
 g - 3 potions of curing
 p - a potion of haste
 r - a potion of heal wounds
Comestibles
 c - 9 rations


   Skills:
 + Level 6.7 Fighting
 + Level 5.6 Axes
 + Level 6.2 Armour
 + Level 4.7 Dodging


You had 7 spell levels left.
You didn't know any spells.
Your spell library was empty.

Dungeon Overview and Level Annotations

Branches:
Dungeon (6/15)             Temple (1/1) D:4

Altars:
Dithmenos
Fedhas
Gozag
Hepliaklqana
Kikubaaqudgha
Nemelex Xobeh
Okawaru
Qazlal
Sif Muna
Trog
Uskayaw
Vehumet


Innate Abilities, Weirdness & Mutations

You are resistant to torment.
Your stone body is resilient. (AC +5)
You are immune to poison.
You resist negative energy. (rN+)
You are resistant to electric shocks. (rElec)
You can survive without breathing.
You are immune to petrification.
You are immune to rotting.


Message History

The crimson imp blinks!
The centaur hits you but does no damage.
You hit the centaur. You freeze the centaur.
The centaur is almost dead.
The centaur barely misses you. x2
You slash the centaur! You freeze the centaur.
You kill the centaur!
Trog accepts your kill.
A hungry ghost comes into view.
A white ugly thing comes into view.
Things that are here:
a +3 flail of holy wrath; a cursed -1 scale mail; 10 gold pieces An ogre comes into view.
It is wielding a +0 giant club.
The white ugly thing gurgles horribly!
The ogre shouts!
You hear an angry hiss.
You hear a loud, deep croak!
The crimson imp blinks!
Found a ration.
You closely miss the hungry ghost. The hungry ghost barely misses you.
You miss the hungry ghost. The hungry ghost barely misses you.
The white ugly thing engulfs you! The white ugly thing freezes you!!
You die...

...>........#
......###.###
###.#.....# #
#..##.#
#...#.# #
#.#.# .
#.#.))###...
#...........
####@O.#####
#....uW5.#
#####..>....
..........
...........
............
#............
#..........%.


You could see a white ugly thing, a hungry ghost, an ogre and a crimson imp.

Vanquished Creatures
  The ghost of luxidream the Poker, an amateur DsWn of Gozag (D:5)
  Eustachio (D:5)
  Edmund (D:6)
  A phantom (D:5)
  A necrophage (D:5)
  2 ogres
  A centaur (D:6)
  A bullfrog (D:6)
  A howler monkey (D:6)
  2 bullfrog skeletons
  2 hounds
  2 jellies
  A gnoll shaman (D:5)
  An iguana (D:6)
  6 worker ants
  A howler monkey zombie (D:5)
  A worker ant zombie (D:6)
  A gnoll (D:3)
  7 adders
  An ooze (D:1)
  2 worms
  A dart slug (D:1)
  3 leopard geckos
  6 orcs
  10 bats
  8 giant cockroaches
  5 goblins
  7 hobgoblins
  12 jackals
  2 quokkas (D:5)
  8 frilled lizards
  9 kobolds
  A quokka zombie (D:5)
  6 rats
115 creatures vanquished.

Notes
Turn   | Place    | Note
-------+----------+-------------------------------------------
     0 | D:1      | Fang the Gargoyle Berserker began the quest for the Orb.
     0 | D:1      | Reached XP level 1. HP: 14/14 MP: 1/1
    55 | D:1      | Reached XP level 2. HP: 12/19 MP: 2/2
   602 | D:1      | Reached XP level 3. HP: 20/23 MP: 3/3
   658 | D:1      | Reached ** piety under Trog
  1120 | D:2      | Found a stormy altar of Qazlal.
  1120 | D:2      | Found a radiant altar of Vehumet.
  1121 | D:2      | Found a deep blue altar of Sif Muna.
  1121 | D:2      | Found a hide-covered altar of Uskayaw.
  1122 | D:2      | Found a sparkling altar of Nemelex Xobeh.
  1123 | D:2      | Found a blossoming altar of Fedhas.
  1317 | D:2      | Reached XP level 4. HP: 19/29 MP: 4/4
  2374 | D:3      | Reached XP level 5. HP: 20/33 MP: 5/5
  2801 | D:3      | Reached *** piety under Trog
  2878 | D:3      | Found an opulent altar of Gozag.
  2878 | D:3      | Found a bloodstained altar of Trog.
  2941 | D:3      | Found a hazy altar of Hepliaklqana.
  3005 | D:3      | Reached XP level 6. HP: 39/39 MP: 6/6
  3166 | D:4      | Found a staircase to the Ecumenical Temple.
  3253 | Temple   | Entered the Ecumenical Temple
  3379 | D:4      | Reached skill level 5 in Fighting
  3799 | D:5      | Entered Level 5 of the Dungeon
  3892 | D:5      | Reached XP level 7. HP: 42/44 MP: 7/7
  3979 | D:5      | Noticed Eustachio
  4008 | D:5      | Killed Eustachio
  4008 | D:5      | Reached skill level 5 in Armour
  4008 | D:5      | Reached XP level 8. HP: 18/51 MP: 8/8
  4072 | D:5      | Noticed luxidream's ghost (amateur DsWn)
  4080 | D:5      | Found a runed translucent gate.
  4080 | D:5      | Found a runed translucent gate.
  4080 | D:5      | Found a runed translucent gate.
  4188 | D:5      | Killed luxidream's ghost
  4188 | D:5      | Reached skill level 5 in Axes
  4298 | D:5      | Found a shadowy altar of Dithmenos.
  4580 | D:6      | Noticed Edmund
  4592 | D:6      | Killed Edmund
  4596 | D:6      | Noticed a white ugly thing
  4600 | D:6      | Slain by a white ugly thing

Skill      XL: |  1  2  3  4  5  6  7  8 |
---------------+-------------------------+-----
Dodging        | 2 3 4 |  4.7
Axes           | 3 4 5 |  5.6
Armour         | 3 4 5 6 |  6.2
Fighting       | 4 5 6 |  6.7

Action                   |  1- 3 |  4- 6 |  7- 9 || total
-------------------------+-------+-------+-------++-------
Melee: Hand axe          |    99 |   207 |       ||   306
       War axe           |       |       |    90 ||    90
Invok: Berserk           |     1 |     4 |     2 ||     7
  Use: Scroll            |       |    10 |     4 ||    14
 Stab: Sleeping          |       |     1 |       ||     1
  Eat: Chunk             |     3 |    12 |     3 ||    18
Armor: Animal skin       |    66 |   107 |    44 ||   217
Dodge: Dodged            |    90 |   171 |    89 ||   350
